 Dungeon Crawl Stone Soup version 0.29.0-13-gc9e81de378 (webtiles) character file.

Game seed: 3768007675058711098

135 Zeus21348 the Chopper (level 5, -2/46 HPs)
             Began as a Hill Orc Fighter on Sept 10, 2022.
             Splashed by a jelly's acid (7 damage)
             ... on level 4 of the Dungeon.
             The game lasted 00:02:26 (3296 turns).

Zeus21348 the Chopper (Hill Orc Fighter)            Turns: 3296, Time: 00:02:28

Health: -2/46      AC: -9    Str: 19    XL:     5   Next: 18%
Magic:  14/14      EV: 10    Int: 10    God:
Gold:   241        SH:  4    Dex: 10    Spells: 4/4 levels left

rFire   x . .      SeeInvis .   a - +0 war axe
rCold   + + .      Faith    .   c - +0 buckler
rNeg    . . .      Spirit   .   n - +1 ring mail {rC+}
rPois   .          Reflect  .   (no helmet)
rElec   .          Harm     .   (no cloak)
rCorr   .          Rampage  .   (no gloves)
Will    .....                   (no boots)
Stlth   ..........              e - amulet of regeneration
HPRegen 0.95/turn               o - ring of ice
MPRegen 0.14/turn               u - ring of magical power

@: corroded
A: no striking features
a: no special abilities


You were on level 4 of the Dungeon.
You visited 1 branch of the dungeon, and saw 4 of its levels.

You collected 241 gold pieces.

Inventory:

Hand Weapons
 a - a +0 war axe (weapon)
Armour
 c - a +0 buckler (worn)
 n - a +1 ring mail of cold resistance (worn)
 p - a +0 chain mail
Jewellery
 e - an amulet of regeneration (around neck)
 j - an amulet of faith
 o - a ring of ice (left hand)
 u - a ring of magical power (right hand)
Scrolls
 b - a scroll of poison {unknown}
 d - a scroll of amnesia {unknown}
 i - 5 scrolls of identify {unknown}
 k - a scroll of magic mapping {unknown}
 l - a scroll of acquirement {unknown}
 q - a scroll of butterflies {unknown}
 r - a scroll of enchant armour {unknown}
 s - a scroll of immolation {unknown}
 t - a scroll of vulnerability {unknown}
 v - a scroll of blinking {unknown}
Potions
 f - a potion of mutation {unknown}
 g - a potion of haste {unknown}
 h - a potion of flight {unknown}
 m - 2 potions of curing {unknown}


   Skills:
 + Level 4.2 Fighting
 * Level 5.4 Axes
 + Level 4.1 Armour
 + Level 3.6 Shields


You had 4 spell levels left.
You didn't know any spells.
Your spell library contained the following spells:

 Spells                   Type           Power      Damage    Failure   Level
 Apportation              Tloc           0%         N/A       63%         1
 Necrotise                Necr           0%         1d4       63%         1
 Summon Small Mammal      Summ           0%         N/A       63%         1


Dungeon Overview and Level Annotations

Branches:
Dungeon (4/15)
 Temple: D:4-7

Altars:

Shops:
D:3 =


Message History

You kill the hobgoblin!
A giant cockroach and a jelly come into view.
The jelly quivers.
You hit the giant cockroach.
You kill the giant cockroach!
A jelly is nearby!
A jelly is nearby!
A jelly is nearby!
An orc comes into view. It is wielding a +4 dagger.
The orc shouts!
The orc moves out of view.
A jelly is nearby!
You slash the jelly! The acid corrodes you!
Your hands burn!
The jelly is moderately wounded.
The jelly hits you but does no damage.
The jelly jiggles.
The jelly barely misses you.
A jelly is nearby!
You slash the jelly! The acid corrodes you!
Your hands burn!
The jelly is almost dead.
The jelly hits you. The acid corrodes you!
You are splashed with acid!
There are monsters nearby!
You hit the jelly but do no damage. The acid corrodes you!
Your hands burn!
The jelly is almost dead.
The jelly hits you.
You are splashed with acid!
There are monsters nearby!
You are too injured to fight recklessly!
There are monsters nearby!
You hit the jelly but do no damage.
Your hands burn!
The jelly is almost dead.
The jelly hits you.
You are splashed with acid.
* * * LOW HITPOINT WARNING * * *
You barely miss the jelly.
The jelly is almost dead.
You hit the orc. The orc hits you with a +4 dagger.
* * * LOW HITPOINT WARNING * * *
The jelly hits you.
* * * LOW HITPOINT WARNING * * *
The acid corrodes you!
You are splashed with acid!
You die...

#.# ###+# .# #.#
#......#####.#
#......#.....#
#......#.....#
......#.....#
#..#.+...†.#
###Jo.#.....########.
#...@.#.......†......
#####.#....##########
#...##..........
#...############
#...# ##..# #... #..#
#..#


You could see a jelly and an orc.

Vanquished Creatures
  4 gnolls (D:2)
  3 adders
  2 worms (D:2)
  2 dart slugs
  2 bats
  4 endoplasms
  2 giant cockroaches
  5 goblins
  5 hobgoblins
  3 jackals (D:3)
  7 kobolds
  6 quokkas
  5 ball pythons
  2 frilled lizards (D:3)
  4 rats
56 creatures vanquished.

Notes
Turn   | Place    | Note
-------+----------+-------------------------------------------
     0 | D:1      | Zeus21348 the Hill Orc Fighter began the quest for the Orb.
     0 | D:1      | Reached XP level 1. HP: 19/19 MP: 1/1
     2 | D:1      | Noticed a formicid
     4 | D:1      | Noticed a vampire
     4 | D:1      | Noticed a ghoul
     6 | D:1      | Noticed an octopode
     8 | D:1      | Noticed a felid
     8 | D:1      | Noticed a palentonga
    10 | D:1      | Noticed a minotaur
    10 | D:1      | Noticed a tengu
    12 | D:1      | Noticed a demonspawn
    12 | D:1      | Noticed an ogre
    14 | D:1      | Noticed a demigod
    14 | D:1      | Noticed a gargoyle
    16 | D:1      | Noticed a meteoran
    16 | D:1      | Noticed a vine stalker
    18 | D:1      | Noticed a draconian
    18 | D:1      | Noticed a naga
    20 | D:1      | Noticed a merfolk
    20 | D:1      | Noticed a human
    22 | D:1      | Noticed a spriggan
    22 | D:1      | Noticed an elf
    24 | D:1      | Noticed an ogre
    26 | D:1      | Noticed a merfolk
    26 | D:1      | Noticed a vine stalker
   205 | D:1      | Reached XP level 2. HP: 25/27 MP: 2/2
   276 | D:1      | Reached skill level 3 in Axes
   476 | D:1      | Found a faded altar of an unknown god.
   710 | D:2      | Reached XP level 3. HP: 33/33 MP: 3/3
  1106 | D:2      | Reached skill level 4 in Axes
  1158 | D:2      | Reached XP level 4. HP: 10/40 MP: 4/4
  1701 | D:2      | Reached skill level 5 in Axes
  2308 | D:3      | Found Anonaihi's Jewellery Emporium.
  2356 | D:3      | Reached XP level 5. HP: 46/46 MP: 5/5
  2622 | D:3      | Identified the +9 hand axe "Arymephiqul" {freeze, *Corrode
                  | Int+4 Dex+4 SInv}
  3296 | D:4      | Splashed by a jelly's acid

Illustrated notes

Levels and vault maps discovered:
D:1:      kb_arrival_jail, layout_rooms, shapermc_ecumenical_altar_mp_highgroup
D:2:      layout_loops_corners
D:3:      layout_loops_corners, serial_shops, shop, minmay_shallow_snake_nest
D:4:      layout_basic, grunt_decor_fettered, nicolae_shop_self_help

Skill      XL: |  1  2  3  4 |
---------------+-------------+-----
Axes           | 3 4 5 |  5.4
Fighting       | 4 |  4.2
Armour         | 4 |  4.1
Shields        | |  3.6

Action                   |  1- 3 |  4- 6 || total
-------------------------+-------+-------++-------
Melee: War axe           |    68 |    83 ||   151
  Use: Potion            |       |     1 ||     1
Armor: Scale mail        |    26 |       ||    26
       Ring mail         |     6 |    18 ||    24
Dodge: Dodged            |    27 |    45 ||    72
Block: Buckler           |    13 |    16 ||    29
